 Dungeon Crawl Stone Soup version 0.27.0-1-g7a089689b8 (webtiles) character file.

Game seed: 1869762941073641505

7 MisterFreud the Shield-Bearer (level 2, 0/19 HPs)
             Began as a Gargoyle Fighter on Aug 1, 2021.
             Slain by a goblin (3 damage)
             ... on level 1 of the Dungeon.
             The game lasted 00:00:43 (189 turns).

MisterFreud the Shield-Bearer (Gargoyle Fighter)     Turns: 189, Time: 00:00:44

Health: 0/19       AC: 12    Str: 19    XL:     2   Next: 0%
Magic:  2/2        EV:  5    Int:  8    God:
Gold:   11         SH:  9    Dex:  9    Spells: 1/1 levels left

rFire    . . .     SeeInvis .   a - +0 flail
rCold    . . .     Faith    .   c - +0 kite shield
rNeg     + . .     Spirit   .   f - +0 chain mail
rPois    ∞         Reflect  .   (no helmet)
rElec    +         Harm     .   (no cloak)
rCorr    .         Rampage  .   (no gloves)
Will     .....                  (no boots)
Stlth    ..........             (no amulet)
HPRegen  0.06/turn              (no ring)
MPRegen  0.08/turn              (no ring)

@: no status effects
A: sickness immunity, AC +2, negative energy resistance 1, electricity
resistance, torment resistance 1, petrification resistance
a: no special abilities


You were on level 1 of the Dungeon.
You visited 1 branch of the dungeon, and saw 1 of its levels.

You collected 11 gold pieces.

Inventory:

Hand Weapons
 a - a +0 flail (weapon)
Armour
 b - a +0 scale mail
 c - a +0 kite shield (worn)
 f - a +0 chain mail (worn)
Potions
 d - a potion of might
 e - a potion of invisibility {unknown}
 g - a potion of attraction {unknown}


   Skills:
 - Level 3.2 Fighting
 * Level 2.3 Maces & Flails
 + Level 3.4 Armour
 + Level 3.4 Shields


You had one spell level left.
You didn't know any spells.
Your spell library was empty.

Dungeon Overview and Level Annotations

Branches:
Dungeon (1/15)

Altars:


Innate Abilities, Weirdness & Mutations

You are immune to sickness and miasma.
Your stone body is resilient. (AC +2)
You are immune to poison.
You resist negative energy. (rN+)
You are resistant to electric shocks. (rElec)
You are resistant to unholy torment.
You are immune to petrification.


Message History

You block the rat's attack.
You closely miss the ball python. You block the ball python's attack.
The ball python grabs you. The ball python constricts you.
The goblin hits you but does no damage. You block the ball python's attack.
The ball python constricts you. The rat bites you but does no damage.
The goblin hits you with a +0 club.
You closely miss the ball python.
The ball python bites you but does no damage.
The ball python constricts you. The rat bites you but does no damage.
The goblin hits you but does no damage. The ball python bites you.
The ball python constricts you. The rat bites you but does no damage.
You block the goblin's attack.
You sock the ball python!
You kill the ball python!
You block the rat's attack. The goblin barely misses you.
You have reached level 2!
You closely miss the goblin. The rat bites you but does no damage.
You block the goblin's attack. The rat bites you but does no damage.
The goblin hits you with a +0 club.
You are too injured to fight recklessly!
You are too injured to fight recklessly!
You are too injured to fight recklessly!
You hit the goblin.
The goblin is moderately wounded.
The rat bites you but does no damage. You block the goblin's attack.
You closely miss the goblin.
The goblin is moderately wounded.
The rat bites you. The goblin hits you with a +0 club.
You block the rat's attack. The goblin hits you with a +0 club.
* * * LOW HITPOINT WARNING * * *
You hit the goblin.
The goblin is heavily wounded.
You block the rat's attack. The goblin barely misses you.
Your shield and chain mail prevent you from hitting the goblin.
The goblin is heavily wounded.
The rat bites you.
* * * LOW HITPOINT WARNING * * *
You block the goblin's attack. The rat barely misses you.
The goblin hits you with a +0 club.
You die...

...#
.#+###...........#
...#
#............#
...#
#......#.....#
...# +.....##.^..#
...#
#........#..###
...#
######.........
...# #....#..##
#### ##...# .#
##@.# #gr# .....
.#..#...
.....#....( ..
...# ###. ... ....
... ....#


You could see a goblin and a rat.

Vanquished Creatures
  A bat (D:1)
  A giant cockroach (D:1)
  A quokka (D:1)
  A ball python (D:1)
  A frilled lizard (D:1)
  2 kobolds (D:1)
7 creatures vanquished.

Notes
Turn   | Place    | Note
-------+----------+-------------------------------------------
     0 | D:1      | MisterFreud the Gargoyle Fighter began the quest for the
                  | Orb.
     0 | D:1      | Reached XP level 1. HP: 14/14 MP: 1/1
   185 | D:1      | Reached XP level 2. HP: 12/19 MP: 2/2
   189 | D:1      | Slain by a goblin

Illustrated notes

Levels and vault maps discovered:
D:1:      evilmike_arrival_hilbert_curve, layout_basic

Action                   || total
-------------------------++-------
Melee: Flail             ||    39
Armor: Scale mail        ||    13
       Chain mail        ||    13
Dodge: Dodged            ||    18
Block: Kite shield       ||    34
